 Dungeon Crawl Stone Soup version 0.20.1-1-g8b1a95d (webtiles) character file.

121 Knicklaso the Ogre Mage (level 5, 0/53 HPs)
             Began as an Ogre Wizard on July 19, 2017.
             Was a Follower of Vehumet.
             Slain by a big kobold (5 damage)
             ... on level 3 of the Dungeon.
             The game lasted 00:15:42 (3678 turns).

Knicklaso the Ogre Mage (Ogre Wizard)               Turns: 3678, Time: 00:15:42

Health: 0/53       AC:  3    Str: 11    XL:     5   Next: 5%
Magic:  1/11       EV: 10    Int: 24    God:    Vehumet [*.....]
Gold:   226        SH:  0    Dex:  7    Spells: 10/12 levels left

rFire    . . .     SeeInvis .   l - +1 club
rCold    . . .     Gourm    .   (no shield)
rNeg     . . .     Faith    .   a - +0 robe
rPois    .         Spirit   .   b - +0 hat
rElec    .         Reflect  .   (no cloak)
rCorr    .         Harm     .   (gloves unavailable)
MR       .....                  (boots unavailable)
Stlth    +.........             (no amulet)
Regen    0.2/turn               n - +4 ring of intelligence
MPRegen  0.2/turn               (no ring)

@: very slightly contaminated
A: unfitting armour, tough skin 1
a: Renounce Religion


You were on level 3 of the Dungeon.
You worshipped Vehumet.
Vehumet was aware of your devotion.
You were not hungry.

You visited 1 branch of the dungeon, and saw 3 of its levels.
You also visited: Sewer.

You collected 226 gold pieces.

Inventory:

Hand Weapons
 l - a +1 club (weapon)
Armour
 a - a +0 robe (worn)
 b - a +0 hat (worn)
Jewellery
 n - a +4 ring of intelligence (left hand)
Scrolls
 f - 5 scrolls of identify
 k - 2 scrolls of teleportation
 s - a scroll of remove curse {unknown}
Potions
 e - a potion of degeneration {unknown}
 g - 2 potions of magic
 o - a potion of ambrosia {unknown}
 p - a potion of agility {unknown}
 q - 2 potions of curing {unknown}
 r - 2 potions of mutation {unknown}
 t - a potion of resistance {unknown}
Books
 c - a book of Minor Magic

   Spells                             Type                      Level
   a - Magic Dart                     Conjuration                  1
   b - Blink                          Translocation                2
   c - Call Imp                       Summoning                    2
   d - Slow                           Hexes                        2
   e - Conjure Flame                  Conjuration/Fire             3
   f - Mephitic Cloud                 Conjuration/Poison/Air       3
Comestibles
 d - 3 bread rations
 h - 5 chunks of flesh
 i - 2 meat rations
 j - 3 fruits
 m - 3 royal jellies


   Skills:
 + Level 3.2 Fighting
 + Level 2.6 Dodging
 - Level 1.4 Stealth
 + Level 4.2 Spellcasting
 + Level 2.0 Conjurations
   Level 0.8 Summonings
   Level 0.8 Translocations
 + Level 0.1 Earth Magic


You had 10 spell levels left.
You knew the following spells:

 Your Spells              Type           Power        Failure   Level  Hunger
a - Magic Dart            Conj           ##..         4%          1    None
b - Sandblast             Erth           #.....       9%          1    None


Dungeon Overview and Level Annotations

Branches:
Dungeon (3/15)

Altars:
Dithmenos
Elyvilon
Makhleb
Qazlal
Vehumet
Yredelemnul


Innate Abilities, Weirdness & Mutations

You are too large for most types of armour.
You have tough skin. (AC +1)


Message History

You barely miss the big kobold.
The big kobold is moderately wounded.
The big kobold hits you.
* * * LOW HITPOINT WARNING * * *
The big kobold barely misses you.
Casting: Magic Dart
Confirm with . or Enter, or press ? or * to list all spells.
You don't know that spell.
You closely miss the big kobold.
The big kobold is moderately wounded.
The big kobold hits you.
* * * LOW HITPOINT WARNING * * *
You closely miss the big kobold.
The big kobold is moderately wounded.
The big kobold hits you.
* * * LOW HITPOINT WARNING * * *
You barely miss the big kobold.
The big kobold is moderately wounded.
The big kobold hits you.
You die...

#### ####
##≈≈####≈≈####
#≈≈≈≈≈≈≈≈≈%..#
##≈≈####≈≈##[#
#≈##≈≈####..#
#≈#≈≈≈≈≈≈#.##
#≈#≈@≈≈≈≈#.##
#≈##≈K##≈#..#
##÷≈####≈≈##.#
#≈≈≈≈≈≈≈≈≈≈#.#
##≈≈####≈≈##(#
#### ####..#
#..## #.## #.#


You could see a big kobold.

Vanquished Creatures
  3 adders
  A river rat (Sewer)
  A worm (D:2)
  A dart slug (D:1)
  4 leopard geckos
  7 giant cockroaches
  7 goblins
  4 hobgoblins
  7 jackals
  8 kobolds
  2 quokkas (D:2)
  15 bats
  4 frilled lizards
  7 rats
71 creatures vanquished.

Vanquished Creatures (others)
  An adder (D:2)
1 creature vanquished.

Grand Total: 72 creatures vanquished

Notes
Turn   | Place    | Note
-------+----------+-------------------------------------------
     0 | D:1      | Knicklaso the Ogre Wizard began the quest for the Orb.
     0 | D:1      | Reached XP level 1. HP: 16/16 MP: 5/5
    24 | D:1      | Reached skill level 1 in Conjurations
   318 | D:1      | Reached skill level 1 in Fighting
   420 | D:1      | Reached XP level 2. HP: 27/27 MP: 2/6
   703 | D:1      | Reached XP level 3. HP: 35/35 MP: 1/8
  1524 | D:1      | Reached skill level 4 in Spellcasting
  1648 | D:2      | Found a stormy altar of Qazlal.
  1677 | D:2      | Found a shadowy altar of Dithmenos.
  1763 | D:2      | Found a burning altar of Makhleb.
  1770 | D:2      | Reached XP level 4. HP: 44/44 MP: 1/10
  1771 | D:2      | Found a radiant altar of Vehumet.
  1788 | D:2      | Became a worshipper of Vehumet
  2743 | D:2      | Found a basalt altar of Yredelemnul.
  2851 | D:2      | Found a white marble altar of Elyvilon.
  3504 | D:3      | Reached * piety under Vehumet
  3504 | D:3      | Offered knowledge of Sandblast by Vehumet.
  3507 | D:3      | Learned a level 1 spell: Sandblast
  3540 | D:3      | Found a glowing drain.
  3548 | Sewer    | Entered a sewer
  3633 | Sewer    | Noticed a big kobold
  3651 | Sewer    | Reached XP level 5. HP: 44/53 MP: 2/11
  3678 | D:3      | Slain by a big kobold

Skill      XL: |  1  2  3  4 |
---------------+-------------+-----
Conjurations   | 1 2 |  2.0
Dodging        | 2 |  2.6
Fighting       | 1 2 3 |  3.2
Spellcasting   | 4 |  4.2
Stealth        | |  1.4
Summonings     | |  0.8
Translocations | |  0.8
Earth Magic    | |  0.1

Action                   |  1- 3 |  4- 6 || total
-------------------------+-------+-------++-------
Melee: Unarmed           |    40 |       ||    40
       Club              |       |    24 ||    24
 Cast: Magic Dart        |    98 |   111 ||   209
  Use: Scroll            |       |     5 ||     5
  Eat: Chunk             |     3 |     5 ||     8
Armor: Robe              |    24 |    18 ||    42
Dodge: Dodged            |    43 |    20 ||    63
